 Dungeon Crawl Stone Soup version 0.31-a0-217-g58bb5d79cf (webtiles) character file.

Game seed: 10999403864089542147

3000 qw the Skirmisher (level 9, -1/79 HPs)
             Began as a Minotaur Hexslinger on July 2, 2023.
             Slain by a gnoll
             ... wielding a +0 spear
              (3 damage)
             ... on level 7 of the Dungeon.
             The game lasted 00:02:05 (6145 turns).

qw the Skirmisher (Minotaur Hexslinger)             Turns: 6145, Time: 00:02:05

Health: -1/79      AC: 13    Str: 19    XL:     9   Next: 54%
Magic:  9/9        EV: 13    Int: 10    God:
Gold:   1096       SH:  0    Dex: 17    Spells: 9/10 levels left

rFire   . . .        Y - +1 arbalest
rCold   . . .        (shield currently unavailable)
rNeg    . . .        j - +0 ring mail
rPois   +            (helmet restricted)
rElec   .            q - +0 cloak
rCorr   .            g - +2 pair of gloves
SInv    .            o - +2 pair of boots
Will    .....        (no amulet)
Stlth   +            h - +6 ring of strength
HPRegen 0.33/turn    l - ring of poison resistance
MPRegen 0.11/turn

%: no passive effects
@: about to teleport
A: horns 2, retaliatory headbutt
a: no special abilities


You were on level 7 of the Dungeon.
You visited 2 branches of the dungeon, and saw 8 of its levels.

You collected 1320 gold pieces.
You spent 224 gold pieces at shops.


Innate Abilities, Weirdness & Mutations

You have a pair of horns on your head.
You reflexively headbutt those who attack you in melee.


   Skills:
 - Level 7.3 Fighting
 + Level 11.8 Ranged Weapons
 - Level 4.0 Armour
 - Level 4.6 Dodging
 - Level 1.0 Spellcasting
 - Level 2.0 Hexes


You had 9 spell levels left.
You knew the following spells:

 Your Spells              Type           Power      Damage    Failure   Level
a - Slow                  Hex            16%        N/A       26%         1

Your spell library contained the following spells:

 Spells                   Type           Power      Damage    Failure   Level
 Inner Flame              Hex/Fire       2%         N/A       75%         3
 Portal Projectile        Hex/Tloc       4%         N/A       75%         3
 Cause Fear               Hex            2%         N/A       94%         4

Inventory:

Hand Weapons
 Y - a +1 arbalest (weapon)
Armour
 g - a +2 pair of gloves (worn)
 j - a +0 ring mail (worn)
 o - a +2 pair of boots (worn)
 q - a +0 cloak (worn)
Jewellery
 h - a +6 ring of strength (left hand)
 l - a ring of poison resistance (right hand)
Scrolls
 m - 2 scrolls of identify
Potions
 a - a potion of enlightenment
 b - a potion of mutation
 c - a potion of resistance
 e - a potion of lignification {unknown}
 f - a potion of haste {unknown}
 i - a potion of might
 k - 3 potions of curing
 n - a potion of invisibility {unknown}

Dungeon Overview and Level Annotations

Branches:
Dungeon (7/15)             Temple (1/1) D:5

Altars:
Cheibriados
Dithmenos
Fedhas
Hepliaklqana
Kikubaaqudgha
Qazlal
Sif Muna
Trog
Uskayaw
Vehumet
Wu Jian
Zin
The Shining One
Lugonu

Shops:
D:6 *

Annotations:
D:7 Duvessa


Message History

Duvessa closely misses you. The gnoll closely misses you.
Duvessa hits you with a +0 rapier! The gnoll closely misses you.
You shoot a bolt. The bolt hits Duvessa!
Duvessa is heavily wounded.
Duvessa hits you but does no damage. Duvessa closely misses you.
The gnoll hits you from afar with a +0 halberd.
The gnoll closely misses you. You furiously retaliate!
You headbutt the gnoll. You shoot a bolt. The bolt closely misses Duvessa.
Duvessa hits you with a +0 rapier. x2
The gnoll hits you from afar with a +0 halberd!
The gnoll hits you with a +0 club.
A gnoll comes into view. It is wielding a +0 spear.
Duvessa hits you with a +0 rapier!
You shoot a bolt. The gnoll shouts!
The bolt hits Duvessa but does no damage.
Duvessa is heavily wounded.
The gnoll hits you from afar with a +0 halberd.
Duvessa hits you with a +0 rapier. The gnoll misses you.
You furiously retaliate!
You headbutt the gnoll. The gnoll barely misses you.
The gnoll hits you with a +0 club. Duvessa hits you but does no damage.
You shoot a bolt. The bolt barely misses the gnoll.
Duvessa hits you with a +0 rapier! The gnoll closely misses you.
Duvessa hits you but does no damage.
You shoot a bolt. The bolt hits the gnoll!
You kill the gnoll!
Duvessa barely misses you. The gnoll barely misses you.
Duvessa hits you with a +0 rapier!
6144 ||| READING scroll of teleportation.
As you read the scroll of teleportation, it crumbles to dust.
You feel strangely unstable. The gnoll closely misses you.
Duvessa hits you but does no damage.
You shoot a bolt. The bolt hits Duvessa!!
Duvessa is almost dead.
Duvessa barely misses you.
The gnoll hits you from afar with a +0 halberd!
The gnoll hits you but does no damage. Duvessa hits you with a +0 rapier.
The gnoll hits you but does no damage.
The gnoll hits you from afar with a +0 spear.
You die...

. #.. . .)#>... #....#
.. ...... #.....# #..
#....##.....# ##
#..###...##......##..
#...g..#.............
#.?.g.)#.......)<....
##e@..............
!##................>
.........##..........
.........####.........
..#.#...##..##........
# #.....##..##.......#
.......#''#........#
....##........##.....
#..# ##......####.)..


You could see Duvessa (berserk) and 2 gnolls.

Vanquished Creatures
  Pikel (D:5)
  Grinder (D:5)
  Sigmund (D:2)
  2 yaks (D:5)
  3 water moccasins
  An orc warrior (D:6)
  A black bear (D:5)
  A sky beast (D:7)
  An ogre (D:6)
  A centaur (D:6)
  3 lemures (D:5)
  Blork the orc (D:5)
  2 gnoll sergeants (D:7)
  5 scorpions
  Dowan (D:7)
  A howler monkey (D:5)
  2 hounds
  A jelly (D:5)
  A gnoll bouda (D:7)
  2 sleepcaps (D:6)
  Ijyb (D:3)
  5 iguanas
  An orc wizard (D:6)
  6 adders
  8 gnolls (D:7)
  2 shadow imps
  A worm (D:3)
  4 dart slugs
  6 orcs
  6 bats
  8 endoplasms
  A giant cockroach (D:3)
  4 goblins
  11 hobgoblins
  9 jackals
  5 kobolds
  3 quokkas (D:1)
  6 ball pythons
  2 frilled lizards (D:1)
  9 rats
130 creatures vanquished.

Notes
Turn   | Place    | Note
-------+----------+-------------------------------------------
     0 | D:1      | qw the Minotaur Hexslinger began the quest for the Orb.
     0 | D:1      | Reached XP level 1. HP: 16/16 MP: 1/1
     0 | D:1      | 0 ||| qw: Version: 0.3-a-40-ge99b1a8
     0 | D:1      | 0 ||| qw: Game counter: 8030
     0 | D:1      | 0 ||| qw: Melee chars always use a shield: true
     0 | D:1      | 0 ||| qw: God list: Okawaru
     0 | D:1      | 0 ||| qw: Allow faded altars: false
     0 | D:1      | 0 ||| qw: Do Orc after clearing Dungeon:15 true
     0 | D:1      | 0 ||| qw: Do second Lair branch before Depths: true
     0 | D:1      | 0 ||| qw: Lair rune preference: random
     0 | D:1      | 0 ||| qw: Goals: Normal
     0 | D:1      | 0 ||| PLANNING D:1-11
    44 | D:1      | Reached skill level 3 in Ranged Weapons
    59 | D:1      | Reached XP level 2. HP: 23/23 MP: 2/2
   150 | D:1      | 150 ||| SWAPPING to +0 arbalest.
   153 | D:1      | 153 ||| DROPPING +1 sling.
   248 | D:1      | Reached XP level 3. HP: 29/29 MP: 3/3
   364 | D:1      | Found a faded altar of an unknown god.
   503 | D:1      | 503 ||| UPGRADING to +0 pair of gloves.
   508 | D:1      | 508 ||| UPGRADING to +6 ring of strength.
   509 | D:1      | 509 ||| READING scroll labelled NAPTEZXOYRGH.
   510 | D:1      | 510 ||| READING scroll labelled FEGHIGIVIE.
   511 | D:1      | 511 ||| READING scroll labelled ARESANW KAUVU.
   516 | D:1      | 516 ||| DROPPING scroll of poison.
   831 | D:2      | Reached skill level 4 in Ranged Weapons
  1008 | D:2      | Noticed Sigmund
  1018 | D:2      | 1018 ||| UPGRADING to +0 leather armour.
  1019 | D:2      | 1019 ||| UPGRADING to +0 leather armour.
  1019 | D:2      | HP: 1/29 [Sigmund/+0 scythe (10)]
  1020 | D:2      | 1020 ||| READING scroll of teleportation.
  1021 | D:2      | 1021 ||| UPGRADING to +0 leather armour.
  1023 | D:2      | 1023 ||| FLEEEEING.
  1024 | D:2      | 1024 ||| FLEEEEING.
  1025 | D:2      | 1025 ||| STAIRDANCE
  1136 | D:1      | 1136 ||| UPGRADING to +0 leather armour.
  1146 | D:1      | 1146 ||| DROPPING +0 robe.
  1147 | D:1      | 1147 ||| READING scroll labelled OPESSE GEWN.
  1148 | D:1      | 1148 ||| READING scroll labelled VOLOPANK XITY.
  1149 | D:1      | 1149 ||| READING scroll labelled MAOMEO VOATAUNU.
  1150 | D:1      | 1150 ||| READING 3 scrolls of identify.
  1150 | D:1      | 1150 ||| IDENTIFYING bubbling golden potion
  1151 | D:1      | 1151 ||| READING 2 scrolls of identify.
  1151 | D:1      | 1151 ||| IDENTIFYING silvery potion
  1152 | D:1      | 1152 ||| DROPPING potion of ambrosia.
  1155 | D:2      | 1155 ||| STAIRDANCE
  1447 | D:2      | 1447 ||| FLEEEEING.
  1448 | D:2      | 1448 ||| FLEEEEING.
  1449 | D:2      | 1449 ||| FLEEEEING.
  1450 | D:2      | 1450 ||| FLEEEEING.
  1451 | D:2      | 1451 ||| FLEEEEING.
  1452 | D:2      | 1452 ||| FLEEEEING.
  1464 | D:2      | HP: 7/29 [Sigmund/+0 scythe (9)]
  1466 | D:2      | Killed Sigmund
  1467 | D:2      | Reached skill level 6 in Ranged Weapons
  1467 | D:2      | Reached XP level 4. HP: 10/36 MP: 4/4
  1467 | D:2      | Reached XP level 5. HP: 12/41 MP: 5/5
  1857 | D:3      | Noticed Ijyb
  1860 | D:3      | Killed Ijyb
  1864 | D:3      | Found a snail-covered altar of Cheibriados.
  1898 | D:3      | Reached skill level 3 in Fighting
  2047 | D:3      | Reached skill level 1 in Armour
  2323 | D:3      | Found a glowing golden altar of the Shining One.
  2358 | D:3      | 2358 ||| UPGRADING to ring of poison resistance.
  2359 | D:3      | 2359 ||| READING scroll labelled FUZIT WOUPUKK.
  2360 | D:3      | 2360 ||| DRINKING 2 smoky orange potions.
  2361 | D:3      | 2361 ||| READING 2 scrolls of identify.
  2361 | D:3      | 2361 ||| IDENTIFYING bubbling black potion
  2362 | D:3      | 2362 ||| DROPPING potion of attraction.
  2385 | D:4      | Reached XP level 6. HP: 48/52 MP: 6/6
  2724 | D:4      | Found a shadowy altar of Dithmenos.
  3109 | D:4      | 3109 ||| READING scroll of enchant armour.
  3109 | D:4      | 3109 ||| ENCHANTING +0 pair of gloves.
  3238 | D:4      | 3238 ||| READING scroll labelled LACVUCYMNIT.
  3239 | D:4      | 3239 ||| DRINKING 2 metallic black potions.
  3253 | D:5      | Entered Level 5 of the Dungeon
  3267 | D:5      | Reached skill level 7 in Ranged Weapons
  3319 | D:5      | Found a staircase to the Ecumenical Temple.
  3320 | D:5      | 3320 ||| PLANNING TEMPLE
  3328 | D:5      | Reached XP level 7. HP: 49/59 MP: 7/7
  3365 | Temple   | Entered the Ecumenical Temple
  3398 | Temple   | 3398 ||| PLANNING D:1-11
  3489 | D:5      | Noticed Grinder
  3493 | D:5      | Paralysed by Grinder for 2 turns
  3497 | D:5      | Killed Grinder
  3498 | D:5      | Reached skill level 8 in Ranged Weapons
  3593 | D:5      | Noticed Blork the orc
  3595 | D:5      | 3595 ||| Stepping ~*~*~tactically~*~*~ (outnumbered).
  3626 | D:5      | Noticed Pikel
  3630 | D:5      | Killed Blork the orc
  3631 | D:5      | HP: 14/61 [Pikel/+1 whip of freezing (6)]
  3632 | D:5      | 3632 ||| READING 3 scrolls of teleportation.
  3633 | D:5      | 3633 ||| DRINKING potion of heal wounds.
  3817 | D:5      | Reached skill level 3 in Dodging
  4016 | D:5      | Found a bloodstained altar of Trog.
  4048 | D:5      | Killed Pikel
  4049 | D:5      | Reached skill level 10 in Ranged Weapons
  4049 | D:5      | Reached XP level 8. HP: 49/68 MP: 8/8
  4165 | D:5      | Reached skill level 6 in Fighting
  4549 | D:5      | 4549 ||| DROPPING scarf of harm.
  4550 | D:5      | 4550 ||| UPGRADING to +0 cloak.
  4555 | D:5      | 4555 ||| READING scroll labelled SUMOEN WAPP.
  4555 | D:5      | Identified a scroll of acquirement
  4555 | D:5      | 4555 ||| ACQUIRING 913 gold pieces
  4555 | D:5      | Acquired 913 gold pieces
  4557 | D:5      | 4557 ||| READING scroll labelled WENAEPLUGI.
  4567 | D:6      | Found Ufehiat's Assorted Antiques.
  4570 | D:6      | 4570 ||| STAIRDANCE
  4610 | D:6      | 4610 ||| STAIRDANCE
  4615 | D:5      | Reached skill level 3 in Armour
  4618 | D:5      | HP: 12/70 [yak (13)]
  4619 | D:5      | 4619 ||| READING 2 scrolls of teleportation.
  4621 | D:5      | Reached XP level 9. HP: 9/78 MP: 9/9
  4848 | D:6      | 4848 ||| BUYING potion of curing (84 gold).
  4848 | D:6      | Bought a potion of curing for 84 gold pieces
  4848 | D:6      | 4848 ||| BUYING scroll labelled SESHRI XUQONK (28 gold).
  4848 | D:6      | Bought a scroll labelled SESHRI XUQONK for 28 gold pieces
  4848 | D:6      | 4848 ||| BUYING scroll of identify (56 gold).
  4848 | D:6      | Bought a scroll of identify for 56 gold pieces
  4848 | D:6      | 4848 ||| BUYING scroll of identify (56 gold).
  4848 | D:6      | Bought a scroll of identify for 56 gold pieces
  5420 | D:6      | 5420 ||| READING scroll of enchant armour.
  5420 | D:6      | 5420 ||| ENCHANTING +1 pair of gloves.
  5462 | D:6      | 5462 ||| UPGRADING to +2 pair of boots.
  5467 | D:6      | 5467 ||| READING scroll labelled SESHRI XUQONK.
  5582 | D:6      | 5582 ||| DRINKING 2 fizzy black potions.
  5583 | D:6      | 5583 ||| READING 3 scrolls of identify.
  5583 | D:6      | 5583 ||| IDENTIFYING viscous red potion
  5584 | D:6      | 5584 ||| READING 2 scrolls of identify.
  5584 | D:6      | 5584 ||| IDENTIFYING golden potion
  5614 | D:7      | Reached skill level 11 in Ranged Weapons
  5616 | D:7      | 5616 ||| STAIRDANCE
  5768 | D:6      | 5768 ||| UPGRADING to +0 ring mail.
  5778 | D:6      | 5778 ||| DROPPING +0 leather armour.
  5785 | D:7      | 5785 ||| STAIRDANCE
  5890 | D:7      | 5890 ||| STAIRDANCE
  5944 | D:7      | 5944 ||| STAIRDANCE
  6042 | D:7      | Found a stormy altar of Qazlal.
  6130 | D:7      | Noticed Duvessa
  6130 | D:7      | Noticed Dowan
  6132 | D:7      | Killed Dowan
  6143 | D:7      | HP: 14/79 [Duvessa/+0 rapier (7)]
  6144 | D:7      | 6144 ||| READING scroll of teleportation.
  6145 | D:7      | HP: 2/79 [Duvessa/+0 rapier (5)]
  6145 | D:7      | Slain by a gnoll

Levels and vault maps discovered:
D:1:      mrwooster_arrival_arrow, layout_rooms,
          shapermc_ecumenical_altar_hornbeckon
D:2:      layout_loops_corners, minmay_door_square, uniq_crazy_yiuf_cottage,
          uniq_sigmund
D:3:      layout_basic, kennysheep_slug_shrine, tso_oasis_becter, uniq_ijyb
D:4:      layout_layer_cave, grunt_dithmenos_smoke
D:5:      layout_loops_ring, overflow_temple_1_default, temple_statues,
          uniq_grinder, uniq_blork_the_orc, uniq_pikel
D:6:      layout_loops_ring, serial_shops, nicolae_stop_n_shop_2
D:7:      layout_cave_pools, nicolae_qazlal_beasts_of_the_sky,
          serial_gnoll_camp, gnoll_camp_huts_basic, gnoll_camp_mini_hut,
          gnoll_camp_mini_sergeant, gnoll_camp_mini_hut, gnoll_camp_mini_shop,
          hangedman_feature_mirror, uniq_duvessa
Temple:   corrupted_temple

Skill      XL: |  1  2  3  4  5  6  7  8  9 |
---------------+----------------------------+-----
Ranged Weapons | 3 6 7 10 11 | 11.8
Fighting       | 2 4 5 6 7 |  7.3
Armour         | 1 3 4 |  4.0
Dodging        | 3 4 |  4.6
Spellcasting   | |  1.0
Hexes          | |  2.0

Action                     |  1- 3 |  4- 6 |  7- 9 || total
---------------------------+-------+-------+-------++-------
   Fire: Sling             |    32 |       |       ||    32
         Arbalest          |    67 |   102 |   191 ||   360
    Use: Scroll            |     9 |     4 |     9 ||    22
         Potion            |       |     2 |     2 ||     4
 Armour: Robe              |     8 |       |       ||     8
         Leather armour    |     1 |    17 |    35 ||    53
         Ring mail         |       |       |    30 ||    30
  Dodge: Dodged            |    28 |    26 |   122 ||   176

Table legend:
 A = Non-vault XP
 B = Vault XP
 C = Vault XP percentage of total XP
 D = Non-vault monster count
 E = Vault monster count
 F = Vault count percentage of total count
                 A         B        C        D         E       F
            +---------+---------+-------+---------+---------+-------
      Total |    2480 |    1806 |  42.1 |     104 |      23 |  18.1
            +---------+---------+-------+---------+---------+-------
        D:1 |      53 |       0 |   0.0 |      31 |       0 |   0.0
        D:2 |      17 |     214 |  92.6 |      11 |       1 |   8.3
        D:3 |      44 |      40 |  47.6 |      15 |       2 |  11.8
        D:4 |     184 |       0 |   0.0 |      14 |       0 |   0.0
        D:5 |    1224 |    1039 |  45.9 |      18 |       3 |  14.3
        D:6 |     774 |       0 |   0.0 |      13 |       0 |   0.0
        D:7 |     184 |     513 |  73.6 |       2 |      17 |  89.5
            +---------+---------+-------+---------+---------+-------
